 Dungeon Crawl Stone Soup version 0.28-a0-1629-gf728b707aa (webtiles) character file.

Game seed: 18189133696462814540

546935 siradein the Sorcerer (level 27, -4/208 HPs)
             Began as a Djinni Ice Elementalist on Jan 21, 2022.
             Was an Initiate of Gozag.
             Killed from afar by an ancient lich (83 damage)
             ... with a bolt of acid
             ... on level 3 of the Depths on Jan 25, 2022.
             The game lasted 07:39:24 (60660 turns).

siradein the Sorcerer (Djinni Ice Elementalist)    Turns: 60660, Time: 07:39:24

Health: -4/208     AC: 20    Str: 10    XL:     27
Gold:   7329       EV: 21    Int: 35    God:    Gozag SH: 19 Dex: 19

rFire   + + +      SeeInvis +   P - staff of earth
rCold   . . .      Faith    .   K - +5 kite shield {AC+3}
rNeg    + . .      Spirit   .   L - +2 ring mail of Spring {rN+ Regen+ Slay+3 Stlth+}
rPois   ∞          Reflect  .   j - +2 helmet {Int+3}
rElec   .          Harm     .   Q - scarf {rC+ rF+}
rCorr   .          Rampage  .   M - +2 pair of gloves {hurl}
Will    +++..                   (boots unavailable)
Stlth   +++.......              X - amulet of Facrin {rPois Regen+ Dex+2 Stlth+}
HPRegen 2.04/turn               g - ring of wizardry
MPRegen 0.00/turn               Z - ring of Poap {Will+ Str+3 Int+4 SInv}

@: gold aura, flying
A: sickness immunity, fire resistance 2, cold vulnerability 1, float, innate
caster, hp casting, extra vitality 1
}: 3/15 runes: decaying, serpentine, silver
a: Renounce Religion, Potion Petition, Call Merchant, Bribe Branch


You were on level 3 of the Depths.
You worshipped Gozag.
Gozag was greatly pleased with you.
You visited 9 branches of the dungeon, and saw 44 of its levels.
You also visited: Bailey, Gauntlet, Ice Cave and Volcano.

You collected 27553 gold pieces.
You spent 7709 gold pieces at shops.
You paid 12515 gold pieces to Gozag.

Inventory:

Armour
 j - a +2 helmet of intelligence (worn)
 K - a +5 kite shield of protection (worn)
 L - the +2 ring mail of Spring (worn) {rN+ Regen+ Slay+3 Stlth+}
   (You found it on level 1 of the Lair of Beasts)

   Slay:      It affects your accuracy & damage with ranged weapons and melee
   (+3).
   rN:        It protects you from negative energy.
   Regen:     It increases your rate of health regeneration.
   Stlth:     It makes you more stealthy.
 M - a +2 pair of gloves of hurling (worn)
 Q - a scarf of resistance (worn)
Magical Staves
 a - a staff of poison
 p - a staff of cold
 O - a staff of conjuration
 P - a staff of earth (weapon)
 V - a staff of fire
Jewellery
 g - a ring of wizardry (left hand)
 S - a ring of resist corrosion
 X - the amulet of Facrin (around neck) {rPois Regen+ Dex+2 Stlth+}
   (You bought it in a shop on level 1 of the Vaults)

   [amulet of regeneration]

   Dex:       It affects your dexterity (+2).
   rPois:     It protects you from poison.
   Regen:     It increases your rate of health regeneration.
   Stlth:     It makes you more stealthy.
 Y - a ring of ice
 Z - the ring of Poap (right hand) {Will+ Str+3 Int+4 SInv}
   (You bought it in a shop on level 4 of the Snake Pit)

   [ring of willpower]

   Str:       It affects your strength (+3).
   Int:       It affects your intelligence (+4).
   SInv:      It lets you see invisible.
   Will:      It increases your willpower.
Wands
 h - a wand of iceblast (29)
 l - a wand of polymorph (28)
 t - a wand of paralysis (21)
 u - a wand of digging (34)
 x - a wand of mindburst (34)
 y - a wand of charming (9)
 I - a wand of acid (19)
 J - a wand of flame (74)
Scrolls
 d - 6 scrolls of silence
 e - 8 scrolls of immolation
 f - 18 scrolls of fog
 k - 7 scrolls of enchant weapon
 q - 24 scrolls of teleportation
 s - 3 scrolls of summoning
 v - 5 scrolls of blinking
 z - 8 scrolls of enchant armour
 A - 3 scrolls of fear
 B - 10 scrolls of magic mapping
 C - 3 scrolls of brand weapon
 N - 3 scrolls of holy word
Potions
 b - 10 potions of might
 c - 11 potions of haste
 i - 12 potions of resistance
 m - 6 potions of berserk rage
 n - 9 potions of invisibility
 o - 23 potions of heal wounds
 w - 27 potions of curing
 E - 8 potions of mutation
 F - 11 potions of ambrosia
 G - 12 potions of brilliance
 H - 9 potions of cancellation
Miscellaneous
 r - a tin of tremorstones (2/2)
 D - a condenser vane
 R - a phantom mirror
 T - a phial of floods
 U - a lightning rod (4/4)
 W - a box of beasts


   Skills:
 + Level 20.9 Fighting
 - Level 15.3 Armour
 - Level 20.6 Dodging
 - Level 1.5 Stealth
 + Level 14.2 Shields
 + Level 21.1 Spellcasting
 - Level 17.4 Evocations


You couldn't memorise any spells.
You knew the following spells:

 Your Spells              Type           Power      Damage    Failure   Level
a - Freeze                Ice            100%       1d11      0%          1
b - Frozen Ramparts       Ice            100%       1d12      0%          3
c - Ozocubu's Armour      Ice            100%       N/A       0%          3
d - Hailstorm             Conj/Ice       100%       3d20      0%          4
e - Slow                  Hex            100%       N/A       0%          1
f - Searing Ray           Conj           100%       2d8       0%          2
g - Teleport Other        Tloc           100%       N/A       0%          3
h - Mephitic Cloud        Conj/Pois/Air  100%       N/A       0%          3
i - Olgreb's Toxic Radia  Pois           100%       N/A       0%          4
j - Borgnjor's Vile Clut  Necr/Erth      67%        N/A       0%          5
k - Iron Shot             Conj/Erth      67%        9d12      1%          6
l - Dragon Form           Tmut           55%        N/A       1%          7
m - Malign Gateway        Summ/Tloc      55%        N/A       1%          7
n - Maxwell's Capacitive  Air            55%        ∞         1%          8
o - Enfeeble              Hex            55%        N/A       1%          7
p - Shatter               Erth           67%        3d50*     19%         9
q - Fire Storm            Conj/Fire      55%        8d14      19%         9
Your spell library was empty.

Dungeon Overview and Level Annotations

Branches:
Dungeon (15/15)            Temple (0/1) D:6            Lair (6/6) D:8
  Swamp (4/4) Lair:3        Snake (4/4) Lair:2        Slime (0/5) Lair:5
    Orc (2/2) D:12            Elf (3/3) Orc:2        Vaults (5/5) D:13
  Crypt (0/3) Vaults:3     Depths (4/4) D:15            Zot (1/5) Depths:4
 Bailey (visited)           IceCv (visited)         Volcano (visited)
Gauntlet (visited)

Altars:
Ashenzari
Cheibriados
Dithmenos
Elyvilon
Fedhas
Gozag
Hepliaklqana
Kikubaaqudgha
Nemelex Xobeh
Okawaru
Ru
Trog
Vehumet
Xom
Beogh

Shops:
D:2 (   D:3 *   D:4 ?   D:7 *   D:10 !*   D:11 [=[!*   D:13 !   Orc:2 [**!
Lair:6 *   Swamp:1 ?   Snake:1 (!:[   Snake:2 **   Snake:3 (   Snake:4 *
Vaults:1 !=   Vaults:3 ?   Vaults:4 ?   Zot:1 *[   Depths:1 !

Portals:
Hell: Depths:1 Depths:2 Depths:3 Depths:4
Abyss: Depths:1 Depths:2 Depths:3 Depths:4
Pandemonium: Depths:2
Ziggurat: Depths:4

Annotations:
Depths:3 Wyry's ghost, adept FoFi
Zot:1 3 runed translucent doors, exclusion: obsidian statue, enile's ghost, legendary VSFi


Innate Abilities, Weirdness & Mutations

You are immune to sickness and miasma.
You are immune to poison.
Your flesh is very heat resistant. (rF++)
You are vulnerable to cold. (rC-)
You float through the air rather than walking.
You learn spells naturally, not from books.
Your magical power is your life essence.
You have superior vitality. (+4 MHP)


Message History

You feel a surge of power!
Zombie hands grab the ancient lich.
The zombie hands constrict the ancient lich, but do no damage.
The ancient lich struggles to escape constriction.
Unknown command.
The zombie hands constrict the ancient lich!
The ancient lich struggles to escape constriction.
The zombie hands lose their grip on something.
Your eldritch tentacle slaps the Tzitzimitl!!
Your eldritch tentacle shocks the Tzitzimitl.
The Tzitzimitl resists.
Your eldritch tentacle misses the Tzitzimitl.
The Tzitzimitl engulfs your eldritch tentacle!
With a roar, the tentacle is hauled back through the portal!
The ancient lich gestures wildly while chanting.
The ancient lich seems to speed up.
The Tzitzimitl calls on the powers of darkness!
Your body is wracked with pain!
There is an open door here.
Casting: Borgnjor's Vile Clutch (safe; 0% risk of failure)
Confirm with . or Enter, or press ? or * to list all spells.
Aiming: Borgnjor's Vile Clutch (safe; 0% risk of failure)
Press: ? - help, Shift-Dir - straight line, f/p - ancient lich
Aim: an ancient lich (lightly damaged, fast, 100% to hit)
You feel a surge of power!
Zombie hands grab the ancient lich.
The zombie hands constrict the ancient lich!
The ancient lich gestures wildly while chanting.
The ancient lich flickers and vanishes for a moment.
The zombie hands constrict the ancient lich!
The ancient lich escapes!
The ancient lich points at you and mumbles some strange words.
You resist with almost no effort. The ancient lich casts a spell at you.
The bolt of acid misses you.
The ancient lich is distracted by your dazzling golden aura.
The ancient lich points at you and mumbles some strange words.
The bolt of acid hits you!!!!
You die...
Your body crumbles into a pile of gold.

...#.#......#..LL1##'#....'.##...
...#.##'#.######'##+...#'##.##...
...#....###..##8.8###'##....##...
...#....#.....#...##...#....#....
#..'..#(#..####.L.####.#....#....
##.#..'....#8.......8#.#....#....
.'.#..####'#.........#.##...##..≈
.#.#.###...#8.......8#..#....#..≈
.#####.###'####.@.#######....['.≈
.....#........#.>.#.#...'.##..'.≈
.....#....###.#8.8#.#...###..#..≈
#'#.###..##.#######.'....#..##..≈
#.###.####.....###'##'####..#...[
#........####'##..[+..# #........
.........#....'.####.>#####.#....
..<......###..###..##..##.'.##...
...........#........#.....#.##...


You could see an ancient lich (fast, invisible).

Vanquished Creatures
  An orb of fire (Zot:1)
  An ancient lich (Vaults:5)
  A juggernaut (Depths:2)
  Mara (Depths:3)
  the Lernaean hydra (Swamp:4)
  Vashnia (Snake:3)
  6 golden dragons
  A bone dragon (Depths:4)
  3 electric golems (Zot:1)
  5 tentacled monstrosities
  Jorgrun (D:13)
  Rupert (D:15)
  Mlioglotl (Swamp:4)
  2 walking crystal tomes (Depths:3)
  5 titans
  2 deep elf master archers (Elf:3)
  3 liches
  4 deep elf blademasters (Elf:3)
  3 death cobs (Zot:1)
  3 quicksilver dragons
  5 shadow dragons
  The ghost of Alysonec the Warrior, an adept MiCA of Ignis (Snake:1)
  Gastronok (D:8)
  5 tengu reavers
  3 sphinxes
  5 storm dragons
  Kirke (Swamp:1)
  2 revenants (Vaults:3)
  3 nagarajas
  2 draconian knights (Depths:4)
  An iron dragon (Depths:3)
  7 fire giants
  A fenstrider witch (Swamp:4)
  6 deep elf sorcerers
  3 frost giants
  A ghost moth (Zot:1)
  2 orc warlords
  Aizul (Snake:2)
  A balrug (Depths:3)
  21 vault wardens
  4 deep elf elementalists (Elf:3)
  6 spriggan defenders
  A draconian stormcaller (Zot:1)
  5 spectral caustic shrikes (Depths:2)
  2 reapers (IceCv)
  17 stone giants
  24 very ugly things
  5 war gargoyles
  5 ironbound thunderhulks
  14 ironbound preservers
  9 eleionomae
  A green draconian (Zot:1)
  Nessos (Lair:5)
  A vampire knight (Vaults:3)
  11 dire elephants
  5 deep elf annihilators
  3 black draconians
  5 deep elf demonologists
  Azrael (Snake:2)
  2 yellow draconians
  A minotaur (Gauntlet)
  11 ettins
  3 red draconians
  2 white draconians (Depths:4)
  4 bunyips
  2 purple draconians (Depths:4)
  A crystal guardian (Vaults:4)
  A green death (Depths:2)
  A merfolk impaler (Depths:3)
  A merfolk javelineer (Depths:3)
  A blizzard demon (Gauntlet)
  9 deep elf death magi
  An eidolon (Vaults:3)
  2 fire dragons
  Josephine (Lair:6)
  18 yaktaur captains
  7 deep elf high priests
  16 hydras
  3 rakshasas
  38 vault guards
  9 great orbs of eyes
  3 peacekeepers
  2 salamander tyrants (Snake:4)
  12 naga warriors
  2 ghost crabs
  A caustic shrike simulacrum (IceCv)
  4 ogre magi
  A boulder beetle (shapeshifter) (Vaults:4)
  6 ice dragons
  6 spriggan air magi
  9 anacondas
  An anaconda (shapeshifter) (Vaults:5)
  6 boulder beetles
  10 ironbound frosthearts
  A catoblepas (D:13)
  2 deep troll shamans
  10 centaur warriors
  16 two-headed ogres
  9 alligators
  13 spriggan berserkers
  Urug (Lair:6)
  8 deep troll earth magi
  9 orc high priests
  A vampire mage (Depths:2)
  10 death yaks (Lair:6)
  15 shock serpents
  19 deep elf knights
  16 naga sharpshooters
  2 sun demons (Depths:3)
  7 iron trolls
  A hell knight (Volcano)
  A sixfirhy (Depths:2)
  A shadow wraith (Vaults:3)
  6 goliath frogs
  9 salamander mystics
  A storm dragon skeleton (Depths:1)
  A flayed ghost (Depths:1)
  20 deep elf archers
  5 spriggan druids
  Pikel (D:7)
  2 glowing orange brains
  16 wizards
  12 swamp dragons
  54 deep trolls
  8 bog bodies
  20 lindwurms
  A lindwurm (shapeshifter) (D:12)
  3 naga ritualists
  3 necromancers
  3 spriggan simulacra (IceCv)
  5 orc knights
  An orange crystal statue (IceCv)
  14 ironbound convokers
  5 orc sorcerers
  9 mana vipers
  An obsidian statue (IceCv)
  71 ugly things
  3 phantasmal warriors
  43 deep elf pyromancers
  28 deep elf zephyrmancers
  A mana viper (shapeshifter) (Vaults:4)
  5 manticores
  8 cyclopes
  A shining eye (Depths:4)
  3 moths of wrath (Zot:1)
  31 salamanders
  3 fire giant skeletons
  2 will-o-the-wisps
  9 guardian serpents
  An eye of devastation (shapeshifter) (Depths:4)
  31 black mambas
  Joseph (D:8)
  6 torpor snails
  3 rust devils (Depths:2)
  24 vault sentinels
  2 gargoyles
  14 naga magi
  A torpor snail (shapeshifter) (Vaults:5)
  An elf zombie (Vaults:1)
  A kobold demonologist (D:12)
  13 cane toads
  A demonic crawler (Lair:1)
  2 unseen horrors (D:12)
  Maggie (D:7)
  6 efreet
  4 entropy weaver simulacra (IceCv)
  15 komodo dragons
  5 freezing wraiths
  A rime drake (Lair:1)
  33 yaktaurs
  A spriggan skeleton (Depths:1)
  A red devil (Depths:2)
  2 anaconda simulacra (IceCv)
  3 hellwings (Depths:2)
  18 trolls
  3 meliai (D:13)
  A polar bear (Lair:6)
  2 bloated husks (Swamp:3)
  21 hornets
  A tarantella (shapeshifter) (Depths:3)
  8 tyrant leeches
  Prince Ribbit (Lair:1)
  17 blink frogs
  A stone giant simulacrum (Depths:1)
  32 slime creatures
  3 vampires
  2 centaur simulacra (Gauntlet)
  5 dire elephant simulacra (IceCv)
  10 water elementals
  3 air elementals (Elf:2)
  24 spriggans
  4 shadows
  4 fire elementals
  61 yaks
  9 vampire mosquitoes
  3 wyverns
  6 wraiths
  9 basilisks
  A redback (shapeshifter) (Vaults:5)
  Grum (D:8)
  A neqoxec (Depths:2)
  2 chaos spawn (Depths:2)
  3 hogs (Swamp:1)
  5 minotaur simulacra (IceCv)
  An elf skeleton (Vaults:1)
  Menkaure (D:7)
  7 wargs
  2 steam dragons
  43 nagas
  25 water moccasins
  An acid dragon (D:8)
  19 swamp worms
  2 hell hounds (Snake:2)
  6 swamp drakes
  Duvessa (D:7)
  8 hydra simulacra (Depths:2)
  19 orc warriors
  An ice beast (D:7)
  2 sky beasts
  A black bear (shapeshifter) (D:14)
  19 ogres
  4 black bears
  8 wolves
  A hornet zombie (D:8)
  2 necrophages (D:5)
  An ice dragon simulacrum (Gauntlet)
  11 centaurs
  16 bullfrogs
  A kobold brigand (D:8)
  A bullfrog (shapeshifter) (D:14)
  A glowing shapeshifter simulacrum (Vaults:1)
  A gnoll sergeant (D:12)
  2 scorpions (D:4)
  A deep troll simulacrum (IceCv)
  A hornet simulacrum (Gauntlet)
  A wyvern skeleton (D:7)
  A water moccasin skeleton (D:4)
  2 troll zombies (D:12)
  Dowan (D:7)
  5 killer bees (D:8)
  18 electric eels
  3 howler monkeys
  5 wights (D:9)
  A human simulacrum (Vaults:1)
  4 crimson imps (Depths:2)
  A bullfrog zombie (D:6)
  4 centaur zombies
  37 orc priests
  2 hounds
  2 gnoll shamans
  5 jellies
  5 iguanas
  Natasha (thrice) (D:4)
  Terence (D:2)
  20 orc wizards
  A lightning spire (Zot:1)
  7 hell rats
  A killer bee zombie (D:6)
  5 ogre zombies (D:12)
  2 hound skeletons (D:4)
  2 howler monkey zombies (D:9)
  29 gnolls
  7 adders
  A howler monkey skeleton (D:6)
  9 river rats (Lair:3)
  A worm (D:2)
  2 dart slugs
  95 orcs
  4 endoplasms
  5 giant cockroaches
  6 goblins
  8 hobgoblins
  5 jackals
  3 quokkas
  8 ball pythons
  4 bats
  4 frilled lizards
  3 goblin skeletons (D:12)
  A hobgoblin skeleton (D:12)
  2 hobgoblin zombies (D:12)
  12 kobolds
  An orc skeleton (D:12)
  8 orc zombies (D:12)
  4 rats
1989 creatures vanquished.

Vanquished Creatures (collateral kills)
  Xtahua (Vaults:2)
  Roxanne (Snake:4)
  A spriggan defender (Depths:1)
  An ironbound preserver (Vaults:1)
  An ironbound thunderhulk (Vaults:2)
  3 naga warriors
  A hydra (Swamp:4)
  2 naga sharpshooters
  2 swamp dragons (Swamp:4)
  2 naga ritualists (Snake:4)
  A lindwurm (Snake:4)
  4 slime creatures (Vaults:1)
  3 black mambas (Snake:4)
  A naga mage (Snake:4)
  A yaktaur (Vaults:1)
  2 fire elementals (Snake:2)
  8 nagas
  A swamp drake (Swamp:4)
36 creatures vanquished.

Vanquished Creatures (others)
  25 eldritch tentacles
  25 dancing weapons
  A deep elf archer (Elf:2)
  A hornet (Swamp:2)
  A hog (Swamp:1)
  An electric eel (D:11)
  A goblin skeleton (D:12)
  A goblin zombie (D:12)
  A hobgoblin skeleton (D:12)
  2 hobgoblin zombies (D:12)
  5 orc zombies (D:12)
  6 foxfires (Swamp:1)
  49 fungi
  82 plants
  5 toadstools (D:1)
206 creatures vanquished.

Grand Total: 2231 creatures vanquished

Notes
Turn   | Place    | Note
-------+----------+-------------------------------------------
     0 | D:1      | siradein the Djinni Ice Elementalist began the quest for
                  | the Orb.
     0 | D:1      | Reached XP level 1. HP: 15/15 MP: 0/0
   281 | D:1      | You are sucked into a shaft and drop 1 floor!
   355 | D:2      | Reached XP level 2. HP: 20/21 MP: 0/0
  1242 | D:1      | Reached XP level 3. HP: 22/25 MP: 0/0
  1242 | D:1      | Learned a level 1 spell: Slow
  1559 | D:2      | Reached skill level 4 in Spellcasting
  1641 | D:2      | Reached XP level 4. HP: 1/31 MP: 0/0
  2156 | D:2      | Found Jeawiag's Antique Weapon Shop.
  2341 | D:2      | Noticed Terence
  2344 | D:2      | Killed Terence
  2345 | D:2      | Reached XP level 5. HP: 28/35 MP: 0/0
  2345 | D:2      | Learned a level 2 spell: Searing Ray
  2544 | D:2      | Reached skill level 5 in Spellcasting
  3588 | D:3      | Reached XP level 6. HP: 23/40 MP: 0/0
  3808 | D:3      | Found an opulent altar of Gozag.
  3808 | D:3      | Found Gozag's Platinum Reserve.
  3820 | D:3      | Became a worshipper of Gozag Ym Sagoz the Greedy
  3982 | D:3      | Found a broken altar of Ashenzari.
  4816 | D:3      | Reached skill level 6 in Spellcasting
  5092 | D:3      | Found a sparkling altar of Nemelex Xobeh.
  5126 | D:4      | Found Eniabb's Magic Scroll Boutique.
  5139 | D:4      | Reached XP level 7. HP: 25/45 MP: 0/0
  5139 | D:4      | Learned a level 3 spell: Teleport Other
  5441 | D:4      | Bought a scroll of identify for 28 gold pieces
  5448 | D:4      | Found a sacrificial altar of Ru.
  5542 | D:4      | Noticed a water moccasin
  5548 | D:4      | Killed a water moccasin
  5782 | D:4      | Found a white marble altar of Elyvilon.
  5815 | D:4      | Reached skill level 7 in Spellcasting
  6257 | D:4      | Noticed Natasha
  6262 | D:4      | Killed Natasha
  6463 | D:4      | Reached XP level 8. HP: 25/50 MP: 0/0
  6908 | D:4      | Noticed Natasha
  7175 | D:4      | Killed Natasha
  7741 | D:5      | Entered Level 5 of the Dungeon
  7883 | D:5      | Reached skill level 8 in Spellcasting
  9522 | D:6      | Found a hazy altar of Hepliaklqana.
  9581 | D:6      | Reached XP level 9. HP: 45/55 MP: 0/0
  9581 | D:6      | Learned a level 3 spell: Mephitic Cloud
  9930 | D:6      | Found a snail-covered altar of Cheibriados.
 10110 | D:6      | Reached skill level 9 in Spellcasting
 10447 | D:6      | Found a staircase to the Ecumenical Temple.
 10493 | D:6      | Reached skill level 1 in Fighting
 10800 | D:7      | Noticed Maggie
 10809 | D:7      | Killed Maggie
 10889 | D:7      | Noticed Pikel
 10897 | D:7      | Killed Pikel
 11159 | D:7      | Found Dilief's Neck Hole.
 11174 | D:7      | Bought an amulet of regeneration for 300 gold pieces
 11223 | D:7      | Noticed a troll
 11230 | D:7      | Killed a troll
 11231 | D:7      | Reached skill level 5 in Dodging
 11231 | D:7      | Reached XP level 10. HP: 62/68 MP: 0/0
 11337 | D:7      | Noticed Menkaure
 11353 | D:7      | Killed Menkaure
 11573 | D:7      | Reached skill level 5 in Fighting
 11692 | D:7      | Noticed Dowan
 11702 | D:7      | Killed Dowan
 11702 | D:7      | Noticed Duvessa
 11708 | D:7      | Killed Duvessa
 11737 | D:7      | Found a shadowy altar of Dithmenos.
 11915 | D:8      | Noticed Joseph
 12049 | D:8      | Reached skill level 10 in Spellcasting
 12061 | D:8      | Found a staircase to the Lair.
 12324 | D:8      | Killed Joseph
 12363 | D:8      | Noticed Grum
 12375 | D:8      | Killed Grum
 12376 | D:8      | Reached XP level 11. HP: 77/78 MP: 0/0
 12376 | D:8      | Learned a level 4 spell: Olgreb's Toxic Radiance
 12543 | D:8      | Noticed a deep elf pyromancer
 12633 | D:8      | Noticed Gastronok
 12659 | D:8      | Killed Gastronok
 13698 | D:10     | Entered Level 10 of the Dungeon
 13798 | D:10     | Found a flagged portal.
 13807 | Bailey   | Entered a bailey
 14181 | D:10     | Bought a scroll of identify for 34 gold pieces
 14297 | D:10     | Reached skill level 11 in Spellcasting
 14297 | D:10     | Reached skill level 1 in Evocations
 14342 | D:10     | Identified the +9 hand axe of Joyful Slaughter {speed,
                  | rPois Str-3 Int+3}
 14427 | D:10     | Noticed a two-headed ogre
 14435 | D:10     | Killed a two-headed ogre
 14465 | D:10     | Found Cyigad's Distillery.
 14470 | D:10     | Noticed a centaur warrior
 14527 | D:10     | Killed a centaur warrior
 14528 | D:10     | Reached XP level 12. HP: 34/88 MP: 0/0
 14598 | D:10     | Bought a potion of resistance for 130 gold pieces
 14598 | D:10     | Bought a potion of attraction for 39 gold pieces
 14598 | D:10     | Bought a potion of mutation for 104 gold pieces
 14598 | D:10     | Bought a potion of heal wounds for 65 gold pieces
 14598 | D:10     | Bought a potion of lignification for 39 gold pieces
 14598 | D:10     | Bought a potion of heal wounds for 65 gold pieces
 14598 | D:10     | Bought a potion of curing for 39 gold pieces
 14598 | D:10     | Bought a potion of flight for 39 gold pieces
 14638 | D:10     | Identified the +10 spear of Darkness {vorpal, Drain rElec
                  | rF+++ Int-2}
 14944 | D:4      | Noticed Natasha
 14948 | D:4      | Killed Natasha
 14974 | D:4      | Bought a scroll of identify for 28 gold pieces
 14974 | D:4      | Bought a scroll of vulnerability for 105 gold pieces
 14974 | D:4      | Bought a scroll of teleportation for 42 gold pieces
 14974 | D:4      | Bought a scroll of enchant weapon for 105 gold pieces
 15303 | D:11     | Found Pappuf's Fire Supplies.
 15540 | D:11     | Noticed a two-headed ogre
 15560 | D:11     | Killed a two-headed ogre
 15561 | D:11     | Reached skill level 10 in Dodging
 15618 | D:11     | Noticed a two-headed ogre
 15628 | D:11     | Killed a two-headed ogre
 15714 | D:11     | Noticed a seven-headed hydra
 15745 | D:11     | Killed a seven-headed hydra
 15798 | D:11     | Noticed a centaur warrior
 15839 | D:11     | Killed a centaur warrior
 15868 | D:11     | Found Odohotiri's Armour Shoppe.
 15870 | D:11     | Found Vaoliup's Distillery.
 15872 | D:11     | Found Kafual's Jewellery Shoppe.
 15873 | D:11     | Found Vumuezaz's Antique Armour Shoppe.
 15876 | D:11     | Bought a potion of ambrosia for 80 gold pieces
 15876 | D:11     | Bought a potion of brilliance for 40 gold pieces
 15880 | D:11     | Bought the +1 leather armour "Ruumutos" {Regen+} for 196
                  | gold pieces
 16172 | Lair:1   | Entered Level 1 of the Lair of Beasts
 16449 | Lair:1   | Identified the +2 ring mail of Spring {rN+ Regen+ Slay+3
                  | Stlth+}
 16827 | Lair:1   | Reached skill level 5 in Evocations
 16859 | Lair:1   | Reached XP level 13. HP: 82/95 MP: 0/0
 16859 | Lair:1   | Learned a level 5 spell: Borgnjor's Vile Clutch
 16891 | Lair:1   | Noticed a seven-headed hydra
 16911 | Lair:1   | Killed a seven-headed hydra
 17121 | Lair:1   | Reached skill level 10 in Fighting
 17123 | Lair:1   | Noticed Prince Ribbit
 17135 | Lair:1   | Killed Prince Ribbit
 17502 | Lair:1   | Noticed a four-headed hydra
 17525 | Lair:1   | Killed a four-headed hydra
 17684 | Lair:2   | Reached skill level 12 in Spellcasting
 17870 | Lair:2   | Found a dark tunnel.
 17875 | Volcano  | Entered a volcano
 18444 | Lair:2   | Found a staircase to the Snake Pit.
 19040 | Lair:3   | Found a staircase to the Swamp.
 19409 | Lair:3   | Reached XP level 14. HP: 104/105 MP: 0/0
 19827 | Lair:4   | Found a blossoming altar of Fedhas.
 20879 | Lair:5   | Noticed Nessos
 21002 | Lair:5   | Killed Nessos
 21421 | Lair:5   | Found a staircase to the Slime Pits.
 21586 | Lair:6   | Entered Level 6 of the Lair of Beasts
 21586 | Lair:6   | Noticed Urug
 21709 | Lair:6   | Bought a scroll of identify for 36 gold pieces
 21709 | Lair:6   | Bought 3 scrolls of identify for 108 gold pieces
 21713 | Lair:6   | Bought a scroll of holy word for 135 gold pieces
 21778 | Lair:6   | Reached skill level 1 in Armour
 21879 | Lair:6   | Noticed Josephine
 21886 | Lair:6   | Killed Josephine
 21887 | Lair:6   | Reached XP level 15. HP: 112/112 MP: 0/0
 21887 | Lair:6   | Learned a level 6 spell: Iron Shot
 21941 | Lair:6   | Found an iron altar of Okawaru.
 21998 | Lair:6   | Reached skill level 13 in Spellcasting
 22004 | Lair:6   | Killed Urug
 22006 | Lair:6   | Identified the +0 robe of Pan-Flutes {rN+ Dex+3}
 22648 | Lair:6   | Found a runed translucent door.
 23254 | D:12     | Identified the +9 rapier "Hydraslayer" {vorpal, Str+4}
 23346 | D:12     | Reached skill level 10 in Evocations
 23680 | D:12     | Identified the +9 morningstar of the Maze {speed, rElec}
 23824 | D:12     | Noticed a frost giant
 23872 | D:12     | Reached skill level 5 in Armour
 23875 | D:12     | Reached XP level 16. HP: 120/120 MP: 0/0
 24034 | D:7      | Bought a scarf of resistance for 320 gold pieces
 24299 | D:12     | Killed a frost giant
 24420 | D:12     | Found a staircase to the Orcish Mines.
 25038 | Orc:1    | Entered Level 1 of the Orcish Mines
 25044 | Orc:1    | Upgraded the game from 0.28-a0-1594-ga885d4b3d6 to
                  | 0.28-a0-1616-g050a50673c
 25089 | Orc:1    | Found a runed translucent door.
 25728 | Orc:2    | Entered Level 2 of the Orcish Mines
 25812 | Orc:2    | Reached skill level 14 in Spellcasting
 25941 | Orc:2    | Found a staircase to the Elven Halls.
 26423 | Orc:2    | Found Jithrorpha's Armour Emporium.
 26423 | Orc:2    | Found Imobo's General Store.
 26437 | Orc:2    | Bought a potion of heal wounds for 70 gold pieces
 26437 | Orc:2    | Bought a potion of heal wounds for 70 gold pieces
 26572 | Orc:2    | Found Futuypom's General Store.
 26572 | Orc:2    | Found Atynut's Distillery.
 26619 | Orc:2    | Bought a potion of curing for 48 gold pieces
 26619 | Orc:2    | Bought a scroll of magic mapping for 56 gold pieces
 26640 | Orc:2    | Bought a potion of heal wounds for 70 gold pieces
 26640 | Orc:2    | Bought 2 potions of curing for 84 gold pieces
 26640 | Orc:2    | Bought a potion of curing for 42 gold pieces
 26640 | Orc:2    | Bought a potion of degeneration for 14 gold pieces
 26640 | Orc:2    | Bought a potion of heal wounds for 70 gold pieces
 26860 | D:13     | Bought a potion of resistance for 190 gold pieces
 26860 | D:13     | Bought a potion of ambrosia for 152 gold pieces
 26860 | D:13     | Bought a potion of curing for 57 gold pieces
 26860 | D:13     | Bought a potion of mutation for 152 gold pieces
 26910 | D:13     | Noticed Jorgrun
 26922 | D:13     | Killed Jorgrun
 27152 | D:13     | Found a gate to the Vaults.
 27371 | D:13     | Identified the +6 falchion of the Whale {flame, Str+3}
 27745 | D:14     | Reached skill level 15 in Dodging
 27783 | D:14     | Reached XP level 17. HP: 117/127 MP: 0/0
 27783 | D:14     | Learned a level 7 spell: Dragon Form
 28750 | D:15     | Entered Level 15 of the Dungeon
 28770 | D:15     | Found a gate leading to a gauntlet.
 28789 | Gauntlet | Entered a Gauntlet
 28789 | Gauntlet | Found a transporter.
 28789 | Gauntlet | Found a transporter.
 28790 | Gauntlet | Found a transporter.
 28790 | Gauntlet | Found a transporter.
 28793 | Gauntlet | Found a transporter.
 28805 | Gauntlet | Found a transporter.
 28871 | Gauntlet | Found a transporter.
 28881 | Gauntlet | Found a transporter.
 28896 | Gauntlet | Found a transporter.
 28906 | Gauntlet | Found a transporter.
 28921 | Gauntlet | Found a transporter.
 28927 | Gauntlet | Found a transporter.
 29246 | Gauntlet | Identified the +1 pair of gloves of the Fifty Teeth {-Tele
                  | +Inv Fly Dex+5}
 29523 | D:15     | Found a staircase to the Depths.
 30253 | D:15     | Noticed Rupert
 30263 | D:15     | Paralysed by Rupert for 3 turns
 30273 | D:15     | Killed Rupert
 30581 | Swamp:1  | Entered Level 1 of the Swamp
 30581 | Swamp:1  | Found a frozen archway.
 30593 | Swamp:1  | Reached skill level 15 in Spellcasting
 30600 | Swamp:1  | Noticed Kirke
 30646 | Swamp:1  | Killed Kirke
 30716 | IceCv    | Entered an ice cave
 31402 | IceCv    | Reached XP level 18. HP: 118/135 MP: 0/0
 31827 | Swamp:1  | Bought 3 scrolls of teleportation for 108 gold pieces
 31827 | Swamp:1  | Bought a scroll of immolation for 42 gold pieces
 33380 | Swamp:3  | Identified a scroll of acquirement
 33477 | Swamp:3  | Acquired a staff of death
 33497 | Swamp:4  | Entered Level 4 of the Swamp
 33836 | Swamp:4  | Reached XP level 19. HP: 142/142 MP: 0/0
 33836 | Swamp:4  | Learned a level 7 spell: Malign Gateway
 33838 | Swamp:4  | Noticed Mlioglotl
 33869 | Swamp:4  | Killed Mlioglotl
 33978 | Swamp:4  | Reached skill level 16 in Spellcasting
 34085 | Swamp:4  | Reached skill level 15 in Fighting
 34244 | Swamp:4  | Noticed the 27-headed Lernaean hydra
 34282 | Swamp:4  | Killed the 27-headed Lernaean hydra
 34283 | Swamp:4  | Reached XP level 20. HP: 148/149 MP: 0/0
 34434 | Swamp:4  | Got a decaying rune of Zot
 34572 | Swamp:4  | Paralysed by a fenstrider witch for 5 turns
 34786 | Snake:1  | Entered Level 1 of the Snake Pit
 34787 | Snake:1  | Upgraded the game from 0.28-a0-1616-g050a50673c to
                  | 0.28-a0-1624-g820543e53a
 34852 | Snake:1  | Found a runed translucent gate.
 34852 | Snake:1  | Found a runed translucent gate.
 34853 | Snake:1  | Found a runed translucent gate.
 34859 | Snake:1  | Noticed Alysonec's ghost (adept MiCA)
 34964 | Snake:1  | Found Viclad's Book Emporium.
 34964 | Snake:1  | Found Anivvux's Distillery.
 34966 | Snake:1  | Found Untakh's Antique Weapon Shoppe.
 34970 | Snake:1  | Found Roaxeem's Armour Emporium.
 34973 | Snake:1  | Bought a potion of curing for 45 gold pieces
 34973 | Snake:1  | Bought 2 potions of haste for 300 gold pieces
 34973 | Snake:1  | Bought a potion of haste for 150 gold pieces
 34973 | Snake:1  | Bought a potion of curing for 45 gold pieces
 34973 | Snake:1  | Bought 2 potions of invisibility for 240 gold pieces
 34973 | Snake:1  | Bought a potion of curing for 45 gold pieces
 34973 | Snake:1  | Bought a potion of heal wounds for 75 gold pieces
 35608 | Snake:1  | Killed Alysonec's ghost
 35742 | Snake:2  | Noticed Aizul
 35750 | Snake:2  | Killed Aizul
 35751 | Snake:2  | Reached skill level 10 in Armour
 36296 | Snake:2  | Found Konecun's CLEARANCE SALE!.
 36702 | Snake:2  | Noticed Azrael
 36709 | Snake:2  | Killed Azrael
 36980 | Snake:2  | Bought 2 potions of curing for 156 gold pieces
 36980 | Snake:2  | Bought 2 potions of curing for 156 gold pieces
 36980 | Snake:2  | Bought a scroll of fog for 52 gold pieces
 37494 | Snake:3  | Found Diro's Firing Range.
 37768 | Snake:3  | Noticed Vashnia
 38125 | Snake:3  | Killed Vashnia
 38569 | Snake:4  | Entered Level 4 of the Snake Pit
 39086 | Snake:4  | Reached XP level 21. HP: 151/157 MP: 0/0
 39086 | Snake:4  | Learned a level 8 spell: Maxwell's Capacitive Coupling
 39168 | Snake:4  | Identified Roxanne's Reference Book on Changing
 39168 | Snake:4  | Noticed Roxanne
 39185 | Snake:4  | Killed Roxanne
 39262 | Snake:4  | Reached skill level 17 in Spellcasting
 39406 | Snake:4  | Found Wfasob's Whimsical Warehouse.
 39414 | Snake:4  | Bought the ring of Poap {Will+ Str+3 Int+4 SInv} for 661
                  | gold pieces
 40338 | Snake:4  | Got a serpentine rune of Zot
 40824 | Vaults:1 | Entered Level 1 of the Vaults
 40919 | Vaults:1 | Reached skill level 1 in Shields
 40994 | Vaults:1 | Bought the amulet of Facrin {rPois Regen+ Dex+2 Stlth+} for
                  | 578 gold pieces
 41473 | Vaults:1 | Found Xaewnes's Distillery.
 41584 | Vaults:1 | Bought a potion of curing for 36 gold pieces
 41584 | Vaults:1 | Bought a potion of mutation for 96 gold pieces
 41584 | Vaults:1 | Bought a potion of heal wounds for 60 gold pieces
 41584 | Vaults:1 | Bought 2 potions of curing for 72 gold pieces
 42066 | Vaults:1 | Reached XP level 22. HP: 145/165 MP: 0/0
 43446 | Vaults:2 | Reached skill level 15 in Evocations
 43537 | Vaults:2 | Noticed Xtahua
 43546 | Vaults:2 | Killed Xtahua
 43771 | Vaults:2 | Reached skill level 5 in Shields
 44501 | Vaults:3 | Bought a scroll of teleportation for 66 gold pieces
 44501 | Vaults:3 | Bought a scroll of fear for 77 gold pieces
 44501 | Vaults:3 | Bought 3 scrolls of magic mapping for 231 gold pieces
 44501 | Vaults:3 | Bought a scroll of fog for 44 gold pieces
 44501 | Vaults:3 | Bought a scroll of fog for 44 gold pieces
 45356 | Vaults:3 | Reached XP level 23. HP: 171/172 MP: 0/0
 45356 | Vaults:3 | Learned a level 7 spell: Enfeeble
 45775 | Vaults:3 | Found a staircase to the Crypt.
 45790 | Vaults:3 | Acquired a manual of Spellcasting
 46367 | Vaults:4 | Reached skill level 18 in Spellcasting
 47394 | Elf:1    | Entered Level 1 of the Elven Halls
 48286 | Elf:2    | Found a runed translucent gate.
 48286 | Elf:2    | Found a runed translucent gate.
 48286 | Elf:2    | Found a runed translucent gate.
 48398 | Elf:2    | Reached XP level 24. HP: 174/181 MP: 0/0
 49232 | Elf:3    | Entered Level 3 of the Elven Halls
 49713 | Elf:3    | Reached skill level 19 in Spellcasting
 49803 | Elf:3    | Identified the +1 chain mail of Lucidity {rC+ Str+4 Stlth+}
 49815 | Elf:3    | Identified the +3 glaive of Bread {holy, rN+ Str+3}
 49843 | Elf:3    | Identified the +4 leather armour of Death's Door {Will++
                  | Dex+3 Stlth+}
 49843 | Elf:3    | Identified the amulet "Ytan" {RegenMP Regen+}
 49871 | Elf:3    | Identified the +3 ring mail "Kabeq" {rN+ Str+3 Int-5}
 50253 | Depths:1 | Entered Level 1 of the Depths
 50265 | Depths:1 | Bought 2 potions of brilliance for 120 gold pieces
 50265 | Depths:1 | Bought a potion of curing for 45 gold pieces
 50265 | Depths:1 | Bought a potion of invisibility for 120 gold pieces
 50265 | Depths:1 | Bought a potion of haste for 150 gold pieces
 50265 | Depths:1 | Bought a potion of cancellation for 120 gold pieces
 50557 | Depths:1 | Found a gateway to Hell.
 50683 | Depths:1 | Found a one-way gate to the infinite horrors of the Abyss.
 50805 | Depths:1 | Reached XP level 25. HP: 168/188 MP: 0/0
 50805 | Depths:1 | Learned a level 9 spell: Shatter
 50924 | Depths:1 | Found a bloodstained altar of Trog.
 50952 | Depths:1 | Identified the +7 trident of the Water Diviner {vorpal,
                  | Fragile rPois Str+8 Stlth+}
 51281 | Depths:2 | Found a shimmering altar of Xom.
 52164 | Depths:2 | Noticed a juggernaut
 52195 | Depths:2 | Killed a juggernaut
 52349 | Depths:2 | Found a one-way gate leading to the halls of Pandemonium.
 52356 | Depths:2 | Reached skill level 10 in Shields
 52820 | Depths:3 | Reached skill level 15 in Armour
 52930 | Depths:3 | Noticed Mara
 52934 | Depths:3 | Killed Mara
 53069 | Depths:3 | Found a runed translucent gate.
 53069 | Depths:3 | Found a runed translucent gate.
 53070 | Depths:3 | Found a runed translucent gate.
 53070 | Depths:3 | Noticed a dread lich
 53071 | Depths:3 | Noticed an ancient lich
 53072 | Depths:3 | Noticed an ancient lich
 53072 | Depths:3 | Noticed Wyry's ghost (adept FoFi)
 53526 | Depths:3 | Identified the +1 scythe of Diet Blood {vorpal, Str+4}
 53795 | Depths:3 | Found a shadowy altar of Dithmenos.
 54210 | Depths:4 | Entered Level 4 of the Depths
 54529 | Depths:3 | Upgraded the game from 0.28-a0-1624-g820543e53a to
                  | 0.28-a0-1629-gf728b707aa
 54784 | Depths:4 | Reached XP level 26. HP: 197/197 MP: 0/0
 54961 | Depths:4 | Reached skill level 20 in Spellcasting
 55127 | Depths:4 | Found a one-way gateway to a ziggurat.
 55644 | Depths:4 | Found an iron altar of Okawaru.
 55950 | Depths:4 | Found a gate to the Realm of Zot.
 56432 | Vaults:5 | Entered Level 5 of the Vaults
 56813 | Vaults:4 | Bought a scroll of teleportation for 69 gold pieces
 56813 | Vaults:4 | Bought a scroll of enchant armour for 172 gold pieces
 56813 | Vaults:4 | Bought a scroll of teleportation for 69 gold pieces
 56813 | Vaults:4 | Bought a scroll of teleportation for 69 gold pieces
 57392 | Vaults:5 | Identified the ring "Avidaeto" {rC+ rCorr MP+9}
 57394 | Vaults:5 | Noticed an ancient lich
 57708 | Vaults:5 | Reached XP level 27. HP: 163/205 MP: 0/0
 57708 | Vaults:5 | Learned a level 9 spell: Fire Storm
 57761 | Vaults:5 | Killed an ancient lich
 57819 | Vaults:5 | Identified the ring "Damanyca" {Contam rC+ Str+6 Int+2}
 58639 | Vaults:5 | Got a silver rune of Zot
 59061 | D:11     | Bought a glowing robe for 96 gold pieces
 59063 | D:11     | Bought a warped robe for 148 gold pieces
 59063 | D:11     | Identified the +0 robe "Oxkolegh" {-Tele rElec Str-5
                  | Slay+5} (You bought it in a shop on level 11 of the
                  | Dungeon)
 59304 | Zot:1    | Entered Level 1 of the Realm of Zot
 59359 | Zot:1    | Noticed an orb of fire
 59368 | Zot:1    | Killed an orb of fire
 59595 | Zot:1    | Reached skill level 21 in Spellcasting
 59671 | Zot:1    | Found a runed translucent gate.
 59671 | Zot:1    | Found a runed translucent gate.
 59671 | Zot:1    | Found a runed translucent gate.
 59686 | Zot:1    | Found an opulent altar of Gozag.
 60493 | Zot:1    | Found Toben's Assorted Antiques.
 60493 | Zot:1    | Noticed enile's ghost (legendary VSFi)
 60660 | Depths:3 | Killed from afar by an ancient lich

Illustrated notes

Levels and vault maps discovered:
D:1:      ldierk_walled_garden, layout_loops_corners
D:2:      layout_loops_ring, serial_shops, nicolae_square_shop,
          chequers_serial_rivers_micro_d, uniq_terence
D:3:      layout_basic, nicolae_gozag_zags_fifth_avenue,
          nemelex_xobeh_ov_fountains_minmay, evilmike_ruin_ashenzari,
          minmay_cut_off
D:4:      layout_basic, elyvilon_altar_5, old_standard_altar, serial_shops,
          shop, uniq_natasha
D:5:      layout_layer_cave, serial_park_tiny_2, minivault_26
D:6:      layout_loops_corners, mainiacjoe_overflow_two_lobes,
          mainiacjoe_overflow_concentric_impassable,
          minmay_temple_entry_statues_fountains, nicolae_elevator_lobby_plus
D:7:      layout_loops_ring, mainiacjoe_overflow_alcove_1, solitary_fountain,
          minmay_fountain_box, nicolae_shop_sticking_my_neck_out, uniq_menkaure,
          uniq_duvessa, uniq_pikel, uniq_maggie
D:8:      layout_rooms, david_lair_generic, serial_bayou_pond_e,
          hangedman_glass_teeth, chequers_serial_rivers_large_b,
          chequers_arboretum, grunt_ministairs_8, wad_dig_loot, uniq_gastronok,
          uniq_grum, uniq_joseph
D:9:      layout_loops_ring, serial_glass, glass_columns_c, glass_columns_b,
          glass_columns_a, glass_columns_a, glass_columns_c, glass_columns_b,
          glass_columns_b, glass_columns_b, glass_columns_b, glass_columns_a,
          glass_columns_a, glass_columns_b, glass_columns_b, glass_columns_a,
          kennysheep_generic_room_13
D:10:     layout_roguey, enter_bailey_2, serial_shops,
          nicolae_shop_advertising_works [nicolae_subvault_shop_adworks]
D:11:     layout_basic, minmay_misc_feat_four_crosses, nicolae_shop_fire_sale
          [nicolae_sub_dead_trees], minmay_shop_grid_forest
D:12:     minmay_the_grid_square_5x5_5x5
          [minmay_the_grid_square_5x5_inverted_slash,
          minmay_the_grid_square_5x5_seven, minmay_the_grid_square_5x5_minimal,
          minmay_the_grid_square_5x5_one_wall,
          minmay_the_grid_square_5x5_hourglass,
          minmay_the_grid_square_5x5_detours,
          minmay_the_grid_square_5x5_prize_monsterx,
          minmay_the_grid_square_5x5_two_walls_b,
          minmay_the_grid_square_5x5_prize_itemx,
          minmay_the_grid_square_5x5_fat_x,
          minmay_the_grid_square_5x5_almost_minimal,
          minmay_the_grid_square_5x5_pentomino_r,
          minmay_the_grid_square_5x5_prize_junk,
          minmay_the_grid_square_5x5_checkered_statues,
          minmay_the_grid_square_5x5_bracketed,
          minmay_the_grid_square_5x5_fancy_junction,
          minmay_the_grid_square_5x5_prize_gold,
          minmay_the_grid_square_5x5_broken_cross,
          minmay_the_grid_square_5x5_prize_snowflake,
          minmay_the_grid_square_5x5_bridge,
          minmay_the_grid_square_5x5_misaligned,
          minmay_the_grid_square_5x5_three_small,
          minmay_the_grid_square_5x5_lines,
          minmay_the_grid_square_5x5_half_checkered,
          minmay_the_grid_square_5x5_n], layout_long_grid, zombieorc2_lemuel
D:13:     layout_basic, erik_vaults_2, uniq_jorgrun
D:14:     layout_basic, kennysheep_decorative_pillar, serial_co_window_serial,
          co_window_of_opportunity_a, co_window_paths_b, co_window_paths_a,
          co_window_of_opportunity_a, co_window_of_opportunity_a,
          co_window_2corner, co_window_corner_cb, co_window_cross_2,
          co_window_of_opportunity_c, co_window_of_opportunity_b,
          co_window_cross_3, co_window_paths_d, glass_columns_a, glass_columns_a
D:15:     grunt_enter_depths_giant_problem, layout_basic,
          gauntlet_entry_generic, uniq_rupert
Lair:1:   kb_forest_paths, layout_long_grid, worms_lemuel, uniq_prince_ribbit2
Lair:2:   layout_gridlike, minmay_snake_entry_guardpost_small,
          nicolae_volcano_entry_s_turn, serial_bayou_lagoon_a, st_stairs_6
Lair:3:   layout_gridlike, minmay_swamp_entry_eels, kennysheep_rathole
Lair:4:   layout_loops_ring, lemuel_centaur_altar, grunt_megastairs_4,
          serial_bayou_shore_a
Lair:5:   beast_lair_carwin_large_1, layout_loops_ring, slime_dummy, uniq_nessos
Lair:6:   wormcave, layout_gridlike, basic_altar, infiniplex_staircase_pool,
          lemuel_fruit_tree, uniq_urug, uniq_josephine
Swamp:1:  layout_falls_marsh, portal_ice_cave_entry_pillars_three,
          evilmike_swamp_ruin_house_2, swamp_pool3, nicolae_swamp_small_spring,
          uniq_kirke
Swamp:2:  layout_basic_swamp, evilmike_swamp_ruin_house_3
Swamp:3:  layout_basic_swamp, nicolae_swamp_round_clearing
Swamp:4:  swamp_old_school, layout_basic_swamp, uniq_mlioglotl
Snake:1:  layout_honeycomb, gammafunk_ghost_split, minmay_shoptagon
Snake:2:  layout_cave_town, nicolae_shop_clearance, grunt_megastairs_1,
          uniq_aizul, uniq_azrael
Snake:3:  layout_layer_cave, nicolae_shop_firing_range, uniq_vashnia
Snake:4:  snake_pit_salamanders_mu, layout_cave_town, st_stairs_11,
          nicolae_alphabet_shops, uniq_roxanne
Orc:1:    layout_diamond_mine, nicolae_orc_flooded_monolith,
          lightli_church_of_beogh
Orc:2:    st_orc_town, layout_diamond_mine
Elf:1:    layout_rooms, minmay_elf_annihilation, lemuel_flame_loot_1
Elf:2:    elven_hall_of_blades_hangedman_original [grunt_blade_entry_basic],
          layout_geoelf_diagonals
Elf:3:    minmay_elf_hall, layout_rooms
Vaults:1: dpeg_vaults_waves, hangedman_vaults_stagger, vaults_dpeg_hooks,
          ontoclasm_vaults_gateway, nicolae_vaults_back_hallway,
          nicolae_vaults_windows_and_doors_thing, vaults_dpeg_doors, v_misc_19,
          v_pattern_2, nicolae_vaults_little_squares_2,
          vaults_room_mumra_shop_pool, layout_vaults_chaotic_city
Vaults:2: v_misc_10, nicolae_vaults_border_crossing, grunt_vaults_diagonal,
          nicolae_vaults_circle_grid_b, v_misc_3, hangedman_vaults_stream,
          hangedman_vaults_capsules, nicolae_vaults_alarming,
          hangedman_vaults_impose, vaults_room_grid, ontoclasm_vaults_twist,
          layout_vaults_ring, uniq_margery, uniq_xtahua
Vaults:3: minmay_crypt_entry_simple_corners, hangedman_vaults_restitches,
          hangedman_vaults_hat, v_misc_18, v_alt_pattern_1,
          ontoclasm_vaults_spin, hangedman_vaults_impose, vaults_dpeg_cross,
          layout_vaults_omnigrid
Vaults:4: ontoclasm_vaults_water_temple, ontoclasm_vaults_pinch,
          nicolae_vaults_network_quinsquares
          [nicolae_vaults_network_quincunx_subvault,
          nicolae_vaults_network_quincunx_subvault,
          nicolae_vaults_network_quincunx_subvault,
          nicolae_vaults_network_quincunx_subvault],
          vaults_mumra_minichess_inversion, v_misc_29,
          ontoclasm_vaults_ligature, ontoclasm_vaults_chip, v_misc_24,
          grunt_vaults_twisty, vaults_dpeg_ring, layout_vaults_maze_snakey
Vaults:5: serial_shops
Depths:1: layout_long_grid, abyss_entry_small_statue_room, pf_coc_iceberg,
          minmay_misc_feat_tower, evilmike_spriggan_trog_shrine
Depths:2: cheibrodos_hall_of_evolution, layout_cave_shapes,
          hangedman_abyss_entry_splay, serial_sigils,
          serial_sigils_hangedman_writhe, serial_sigils_hangedman_quiver,
          serial_sigils_hangedman_scar, serial_sigils_hangedman_shear,
          serial_sigils_hangedman_etch, pf_hell_entry_tar_river,
          grunt_pan_entry_spiral, led_xom_imps
Depths:3: cross_vault, layout_honeycomb, serial_glass, glass_columns_b,
          glass_columns_a, lightli_too_deep, gammafunk_ghost_crypt, abyss_entry,
          nicolae_dithmenos_the_darkroom, minmay_staircase_statues_hall_small,
          uniq_mara
Depths:4: grunt_zot_entry_gee_three, layout_gridville, enter_ziggurat_d,
          abyss_entry, hell_entry, okawaru_trees_1, serial_bayou_shore_b
Zot:1:    layout_concentric_octagons, ebering_ghost_gozag,
          amethyst_zot_foddershock, grunt_megastairs_2

Skill      XL: |  1  2  3  4  5  6  7  8  9 10 11 12 13 14 15 16 17 18 19 20 21 22 23 24 25 26 27 |
---------------+----------------------------------------------------------------------------------+-----
Spellcasting   | 4 5 6 7 8 9 10 11 12 13 14 15 16 17 18 19 20 21 | 21.1
Fighting       | 4 6 8 9 11 12 13 14 15 16 17 18 19 20 | 20.9
Dodging        | 5 7 9 10 12 13 14 15 16 17 18 19 20 | 20.6
Evocations     | 2 5 7 9 10 11 12 13 14 15 16 17 | 17.4
Armour         | 2 5 6 8 9 10 11 12 13 14 15 | 15.3
Shields        | 3 5 7 9 10 13 14 | 14.2
Stealth        | |  1.5

Action                   |  1- 3 |  4- 6 |  7- 9 | 10-12 | 13-15 | 16-18 | 19-21 | 22-24 | 25-27 || total
-------------------------+-------+-------+-------+-------+-------+-------+-------+-------+-------++-------
Melee: Unarmed           |     1 |       |       |       |       |     5 |    13 |       |       ||    19
       Mace              |       |     1 |     1 |       |       |       |       |       |       ||     2
       Hand axe          |       |       |       |    11 |     4 |       |       |       |       ||    15
       Morningstar       |       |       |       |       |     1 |     3 |       |       |       ||     4
       Bite              |       |       |       |       |       |     1 |     7 |       |       ||     8
       Tailslap          |       |       |       |       |       |     1 |     5 |       |       ||     6
       Punch             |       |       |       |       |       |       |     2 |       |       ||     2
       Staff             |       |       |       |       |       |       |       |       |     2 ||     2
 Cast: Freeze            |    47 |    73 |    63 |   101 |     2 |     1 |     3 |       |       ||   290
       Frozen Ramparts   |       |     8 |    25 |    68 |    22 |    11 |     6 |    13 |     6 ||   159
       Ozocubu's Armour  |       |     3 |    12 |    11 |     2 |     1 |     4 |     9 |     2 ||    44
       Searing Ray       |       |     2 |    16 |    36 |     3 |       |       |       |       ||    57
       Mephitic Cloud    |       |       |    11 |    50 |    16 |    26 |     1 |    20 |     3 ||   127
       Slow              |       |       |       |     3 |     1 |     1 |     2 |       |       ||     7
       Olgreb's Toxic Ra |       |       |       |    70 |    96 |   135 |    32 |   168 |   138 ||   639
       Hailstorm         |       |       |       |     8 |     1 |     7 |     3 |    14 |     9 ||    42
       Borgnjor's Vile C |       |       |       |       |   313 |   436 |   440 |   416 |   418 ||  2023
       Iron Shot         |       |       |       |       |     8 |    38 |    51 |    42 |    86 ||   225
       Dragon Form       |       |       |       |       |       |     2 |     1 |       |       ||     3
       Malign Gateway    |       |       |       |       |       |       |    21 |     3 |     1 ||    25
       Maxwell's Capacit |       |       |       |       |       |       |     1 |     2 |     1 ||     4
       Teleport Other    |       |       |       |       |       |       |       |     1 |       ||     1
       Enfeeble          |       |       |       |       |       |       |       |    19 |    28 ||    47
Invok: Call Merchant     |       |       |       |     1 |     1 |     2 |     2 |     2 |     2 ||    10
 Abil: Breathe Fire      |       |       |       |       |       |     2 |     2 |       |       ||     4
Evoke: Phial of floods   |       |       |       |       |       |       |       |     1 |       ||     1
  Use: Scroll            |       |       |     4 |     2 |     9 |     4 |     5 |     1 |     3 ||    28
       Potion            |       |       |       |       |       |     3 |       |       |       ||     3
Armor: Robe              |     3 |    15 |    12 |       |       |       |       |       |       ||    30
       Steam dragon scal |       |       |       |    15 |       |       |       |       |       ||    15
       Leather armour    |       |       |       |    21 |       |       |       |       |       ||    21
       Ring mail         |       |       |       |    23 |    73 |    45 |    81 |    33 |    52 ||   307
       Skin              |       |       |       |       |       |     2 |     6 |       |       ||     8
Dodge: Dodged            |    20 |    30 |    44 |    98 |   107 |    94 |   192 |   116 |   177 ||   878
Block: Kite shield       |       |       |       |       |       |       |    18 |   142 |   195 ||   355

Table legend: (Time is in decaauts)
 A = Elapsed time spent in this place.
 B = Non-inter-level travel time spent in this place.
 C = Inter-level travel time spent in this place.
 D = Time resting spent in this place.
 E = Time spent auto-exploring this place.
 F = Levels seen in this place.
 G = Mean time per level.
                   A        B        C        D        E       F      G
               +--------+--------+--------+--------+--------+-----+--------+
         Total |  60803 |  57056 |   3747 |   3902 |  38310 |  48 | 1266.7 |
       Dungeon |  21532 |  19882 |   1650 |   1774 |  14376 |  15 | 1435.5 |
          Lair |   6985 |   6474 |    511 |    414 |   4539 |   6 | 1164.2 |
         Swamp |   3250 |   3136 |    114 |      0 |   2132 |   4 |  812.5 |
     Snake Pit |   5824 |   5644 |    180 |    570 |   3368 |   4 | 1456.0 |
  Orcish Mines |   1859 |   1631 |    228 |      0 |   1207 |   2 |  929.5 |
   Elven Halls |   2715 |   2587 |    128 |     42 |   1596 |   3 |  905.0 |
        Vaults |   9102 |   8619 |    483 |    855 |   5262 |   5 | 1820.4 |
        Depths |   6243 |   5823 |    420 |     42 |   4049 |   4 | 1560.8 |
           Zot |   1275 |   1246 |     29 |     51 |    860 |   1 | 1275.0 |
        Bailey |    348 |    348 |      0 |      0 |    246 |   1 |  348.0 |
      Ice Cave |    832 |    832 |      0 |    130 |    282 |   1 |  832.0 |
       Volcano |    299 |    299 |      0 |      9 |    183 |   1 |  299.0 |
      Gauntlet |    533 |    533 |      0 |     15 |    210 |   1 |  533.0 |
               +--------+--------+--------+--------+--------+-----+--------+

Top non-repeatable levels by time:
     D:4: 2624 daAuts
Vaults:4: 2205 daAuts
Vaults:1: 2013 daAuts
Depths:3: 1960 daAuts
Vaults:3: 1850 daAuts
 Snake:4: 1798 daAuts
    D:12: 1796 daAuts
     D:2: 1794 daAuts
Depths:4: 1749 daAuts
     D:5: 1748 daAuts
     D:1: 1747 daAuts
 Snake:3: 1733 daAuts
     D:3: 1668 daAuts
Vaults:5: 1575 daAuts
  Lair:1: 1567 daAuts
